 Dungeon Crawl Stone Soup version 0.31-a0-981-geadf994542 (webtiles) character file.

Game seed: 4233723867800066339

1523935 Hi5aMiFi the Intangible (level 27, 205/205 HPs)
             Began as a Djinni Hedge Wizard on Oct 31, 2023.
             Was the Champion of Ru.
             Escaped with the Orb
             ... and 3 runes on Nov 6, 2023!
             The game lasted 11:50:30 (90502 turns).

Hi5aMiFi the Intangible (Djinni Hedge Wizard)      Turns: 90502, Time: 11:50:30

Health: 205/205    AC: 13    Str: 15    XL:     27
Gold:   623        EV: 51    Int: 31    God:    Ru [******] SH:  0 Dex: 35

rFire   + + +        K - staff of Flying Execution {rC+++ rN+ Int+4 Conj}
rCold   + + +        R - orb {mayhem}
rNeg    + + .        y - +3 troll leather armour
rPois   ∞            H - +0 helmet of Servitude {rF+ Str+2}
rElec   +            X - +1 cloak of Starlight {*Dazzle EV+4 Stlth--}
rCorr   .            v - +1 pair of gloves of Niasus {rN+ Int+3}
SInv    +            (boots unavailable)
Will    +++..        Y - amulet "Niapoh" {Contam Fly rElec Regen+ Dex+7} Stlth
                     h - ring of Xom's Inspiration {rC+ Will+ MP+9}
HPRegen 2.14/turn    D - ring of Fagiblue {*Corrode rElec Int+4 Dex+3 SInv}
MPRegen 0.00/turn

%: inaccuracy (-5), corrode self (3%), mayhem
@: flying, hasted, studying Throwing, very quick
A: sickness immunity, fire resistance 2, frail 1, cold vulnerability 1, no
stealth, inability to use devices, inability to train armour, missing an eye,
float, innate caster, HP casting, extra vitality 1, iridescent scales 1, agile
2, strong 1
0: Orb of Zot
}: 3/15 runes: decaying, silver, gossamer
a: Renounce Religion, Draw Out Power, Power Leap, Apocalypse


You escaped.
You worshipped Ru.
Ru was exalted by your worship.
You visited 11 branches of the dungeon, and saw 51 of its levels.
You visited 1 bazaar.
You also visited: Gauntlet, Ice Cave and Wizlab.

You collected 10446 gold pieces.
You spent 9823 gold pieces at shops.

Inventory:

Hand Weapons
 p - the +1 war axe of Uncertain Death {flame, rC+ rN++}
   (You found it on level 4 of the Lair of Beasts)

   rC+:       It protects you from cold.
   rN++:      It greatly protects you from negative energy.
 F - the +6 rapier of Doom {flame, rF+ rC++ Int+4}
   (You acquired it on level 3 of the Spider Nest)

   Int+4:     It affects your intelligence (+4).
   rF+:       It protects you from fire.
   rC++:      It greatly protects you from cold.
 I - the +6 hand axe of the Equinox {heavy, Fly rC++ Dex+5}
   (You found it on level 1 of the Depths)

   Dex+5:     It affects your dexterity (+5).
   rC++:      It greatly protects you from cold.
   Fly:       It grants you flight.
 W - the +9 long sword "Beogawuwn" {heavy, Will+}
   (You found it on level 11 of the Dungeon)

   Will+:     It increases your willpower.
Missiles
 c - 8 curare-tipped darts (quivered)
 C - 9 darts of dispersal
 E - 54 boomerangs
 T - 9 javelins
 Z - 2 throwing nets
Armour
 q - a +3 leather armour of positive energy
 v - the +1 pair of gloves of Niasus (worn) {rN+ Int+3}
   (You found it on level 4 of the Depths)

   Int+3:     It affects your intelligence (+3).
   rN+:       It protects you from negative energy.
 y - a +3 troll leather armour (worn)
 H - the +0 helmet of Servitude (worn) {rF+ Str+2}
   (You found it on level 1 of the Spider Nest)

   Str+2:     It affects your strength (+2).
   rF+:       It protects you from fire.
 R - an orb of mayhem (worn)
 V - a +2 robe of willpower
 X - the +1 cloak of Starlight (worn) {*Dazzle EV+4 Stlth--}
   (You bought it in a shop on level 1 of the Elven Halls)

   *Dazzle:   It may blind those who miss an attack against the wearer in melee
   combat.
   EV+4:      It affects your evasion (+4).
   Stlth--:   It makes you much less stealthy.
Magical Staves
 K - the staff of Flying Execution (weapon) {rC+++ rN+ Int+4 Conj}
   (You found it on level 4 of the Vaults)

   [staff of conjuration]

   Base accuracy: +5 Base damage: 5 Base attack delay: 1.2 This weapon's minimum
   attack delay (0.6) is reached at skill level 12.
   Int+4:     It affects your intelligence (+4).
   rC+++:     It renders you almost immune to cold.
   rN+:       It protects you from negative energy.
   Conj:      It increases the power of your Conjurations spells.
   It falls into the 'Staves' category.
   It is a one-handed weapon.
Jewellery
 a - a +5 ring of evasion
 b - the ring of the Empty Page {rCorr Int+4}
   (You bought it in a shop in a bazaar)

   [ring of resist corrosion]

   Int+4:     It affects your intelligence (+4).
   rCorr:     It protects you from acid and corrosion.
 f - a ring of wizardry
 g - the amulet "Piluch" {Faith rPois Str-2 Int+9 Stlth+}
   (You found it in a Gauntlet)

   [amulet of faith]

   Faith:     It allows you to gain divine favour quickly.
   Str-2:     It affects your strength (-2).
   Int+9:     It affects your intelligence (+9).
   rPois:     It protects you from poison Stlth+: It makes you more stealthy.
 h - the ring of Xom's Inspiration (left hand) {rC+ Will+ MP+9}
   (You bought it in a shop on level 2 of the Orcish Mines)

   [ring of willpower]

   rC+:       It protects you from cold.
   Will+:     It increases your willpower.
   MP+9:      It affects your magic capacity (+9).
 k - the ring "Wefemumi" {Fly rElec rF++ Int-2}
   (You bought it in a shop on level 2 of the Orcish Mines)

   [ring of flight]

   Int-2:     It affects your intelligence (-2).
   rF++:      It greatly protects you from fire.
   rElec:     It insulates you from electricity.
   Fly:       It grants you flight.
 n - the ring of Yqeguar {rC- Int+6 Dex+3 Stlth+}
   (You found it on level 3 of the Crypt)

   [ring of intelligence]

   Int+6:     It affects your intelligence (+6).
   Dex+3:     It affects your dexterity (+3).
   rC-:       It makes you vulnerable to cold.
   Stlth+:    It makes you more stealthy.
 u - a +5 ring of evasion
 A - a +6 ring of intelligence
 D - the ring of Fagiblue (right hand) {*Corrode rElec Int+4 Dex+3 SInv}
   (You found it on level 1 of the Vaults)

   [ring of see invisible]

   Int+4:     It affects your intelligence (+4).
   Dex+3:     It affects your dexterity (+3).
   rElec:     It insulates you from electricity.
   SInv:      It lets you see invisible.
   *Corrode:  It may corrode you when you take damage.
 O - a ring of protection from cold
 Q - a ring of positive energy
 S - a ring of willpower
 Y - the amulet "Niapoh" (around neck) {Contam Fly rElec Regen+ Dex+7}
   (You bought it in a shop on level 2 of the Elven Halls)

   [amulet of regeneration]

   Dex+7:     It affects your dexterity (+7).
   rElec:     It insulates you from electricity.
   Fly:       It grants you flight.
   Contam:    It causes magical contamination when unequipped.
   Regen+:    It increases your rate of health regeneration.
Scrolls
 d - 11 scrolls of fog
 i - 7 scrolls of poison
 x - 8 scrolls of immolation
 z - 12 scrolls of vulnerability
 G - 4 scrolls of blinking
 L - 8 scrolls of fear
 N - a scroll of noise
 P - a scroll of silence
 U - 11 scrolls of teleportation
Potions
 e - 8 potions of brilliance
 j - 2 potions of resistance
 l - 8 potions of lignification
 m - 16 potions of curing
 o - a potion of might
 r - 7 potions of heal wounds
 s - a potion of enlightenment
 t - 7 potions of ambrosia
 w - 9 potions of attraction
 B - 2 potions of invisibility
 J - 3 potions of haste
 M - 6 potions of mutation


   Skills:
 O Level 27 Fighting
 - Level 2.0 Long Blades
 - Level 1.0 Ranged Weapons
 - Level 10.0 Throwing
 O Level 27 Dodging
 + Level 25.0 Spellcasting
 + Level 25.0 Conjurations
 + Level 25.0 Hexes
   Level 0.0 Charms
 + Level 25.0 Summonings
 + Level 25.0 Necromancy
 + Level 25.0 Translocations
 + Level 25.0 Transmutations
 + Level 25.0 Fire Magic
 + Level 25.0 Ice Magic
 + Level 25.0 Air Magic
 + Level 25.0 Earth Magic
 + Level 25.0 Poison Magic


You knew the following spells:

 Your Spells              Type           Power      Damage    Failure   Level
a - Magic Dart            Conj           100%       1d8       0%          1
b - Slow                  Hex            100%       N/A       0%          1
c - Blink                 Tloc           100%       N/A       0%          2
d - Call Imp              Summ           100%       N/A       0%          2
e - Mephitic Cloud        Conj/Pois/Air  100%       N/A       0%          3
f - Shock                 Conj/Air       100%       1d9       0%          1
g - Lesser Beckoning      Tloc           100%       N/A       0%          2
h - Stone Arrow           Conj/Erth      100%       3d13      0%          3
i - Vhi's Electric Charg  Tloc/Air       100%       N/A       0%          4
j - Cause Fear            Hex            57%        N/A       0%          4
k - Yara's Violent Unrav  Hex/Tmut       57%        3d22      0%          5
l - Starburst             Conj/Fire      69%        6d18      0%          6
m - Orb of Destruction    Conj           69%        9d16      1%          7
n - Conjure Ball Lightni  Conj/Air       69%        3x3d26    0%          6
o - Monstrous Menagerie   Summ           57%        N/A       1%          7
p - Enfeeble              Hex            57%        N/A       1%          7
q - Borgnjor's Revivific  Necr           57%        N/A       1%          8
r - Death's Door          Necr           57%        N/A       3%          9
Your spell library was empty.

Dungeon Overview and Level Annotations

Branches:
Dungeon (15/15)            Temple (1/1) D:7            Lair (5/5) D:10
  Swamp (4/4) Lair:2       Spider (4/4) Lair:2        Slime (0/5) Lair:5
    Orc (2/2) D:10            Elf (3/3) Orc:2        Vaults (5/5) D:13
  Crypt (3/3) Vaults:3       Tomb (0/3) Crypt:3      Depths (4/4) D:15
    Zot (5/5) Depths:4      IceCv (visited)          WizLab (visited)
Gauntlet (visited)

Altars:
Ashenzari
Cheibriados
Dithmenos
Elyvilon
Fedhas
Gozag
Hepliaklqana
Makhleb
Nemelex Xobeh
Okawaru
Qazlal
Ru
Trog
Uskayaw
Wu Jian
Xom
Yredelemnul
Zin
The Shining One
Jiyva

Shops:
D:2 *   D:3 !   Orc:2 ([*=*   Elf:1 *[(   Elf:2 ?==::(   Vaults:4 *(*
Depths:4 :*(

Portals:
Hell: Depths:1 Depths:2 Depths:3 Depths:4
Abyss: Depths:3
Pandemonium: Depths:2 Depths:3
Ziggurat: Depths:1
Trove: Depths:4 (give +2 ice dragon scales)

Annotations:
D:13 scroll of tele and blink behind wall
Zot:3 2 runed translucent doors, Heerchaexodu's ghost, veteran OgBe


Innate Abilities, Weirdness & Mutations

You are immune to sickness and miasma.
You are immune to poison.
Your flesh is very heat resistant. (rF++)
You are frail. (-10% HP)
You are vulnerable to cold. (rC-)
You cannot be stealthy.
You cannot study or use magical devices.
You cannot train Armour skill.
You are missing an eye, making it more difficult to aim.
You float through the air rather than walking.
You learn spells naturally, not from books.
Your magical power is your life essence.
You have superior vitality. (+4 MHP)
You are partially covered in iridescent scales. (AC +2)
You are very agile. (Dex +8, Str/Int -2)
Your muscles are strong. (Str +4, Int/Dex -1)


Message History

You blow up the sixfirhy!
There is a stone staircase leading up here.
You fly upwards.
There is a stone staircase leading down here.
There is a stone staircase leading up here.
You fly upwards.
There is a stone staircase leading down here.
A tormentor comes into view.
There is a stone staircase leading up here.
You fly upwards.
There is a stone staircase leading down here.
Unknown command.
There is an escape hatch in the ceiling here.
A mysterious force pulls you upwards. The hatch slams shut behind you.
Unknown command.
Unknown command.
Unknown command.
You see here the Vellum of Striking.
There is a stone staircase leading up here.
You fly upwards.
There is a stone staircase leading down here.
You feel yourself speed up.
Unknown command.
Unknown command.
Unknown command.
Unknown command.
Unknown command.
There is a stone staircase leading up here.
You fly upwards.
There is a stone staircase leading down here.
Okay, then.
Unknown command.
Blink to where?
Press: ? - help, Dir - move target
As you read the scroll of blinking, it crumbles to dust.
There is an open door here.
Blink to where?
Press: ? - help, Dir - move target
As you read the scroll of blinking, it crumbles to dust.
You have escaped!

##########......#####.......# #.#
............................# #..
......###.......###.#.......# #..
...........#....#.'.#.......# ##.
......###.##....#.###.......# #.
...:..###.#.....#.# #.......# ##
#....###........#.###.####### #
...............##.#...# #.######
##.......##....#@.'.### #...#..#
###.....##..####.#.# ###...#..'
###.........# #.#.####...#8#.†#
##...........## #.####.....####.#
#.............# #.###......#.....
P.............###.'........#.....
................###........#..###
.P..........................#.#_.
.♣.............§............#.###


There were no monsters in sight!

Vanquished Creatures
  5 ancient liches
  7 orbs of fire (Zot:5)
  4 dread liches
  A juggernaut (Depths:4)
  Mara (Swamp:3)
  Sojobo (Depths:2)
  4 Killer Klowns
  Saint Roka (Elf:3)
  3 curse toes
  the Lernaean hydra (Swamp:4)
  15 golden dragons
  Arachne (Spider:2)
  3 bone dragons
  3 electric golems (Zot:5)
  A Hell Sentinel (Zot:4)
  3 hellephants (Zot:4)
  19 tentacled monstrosities
  3 walking crystal tomes
  Jorgrun (D:12)
  Zenata (Crypt:1)
  A shard shrike skeleton (Crypt:3)
  6 titans
  24 Orb Guardians
  7 liches
  Asterion (Spider:3)
  2 walking divine tomes (Depths:2)
  2 deep elf master archers (Elf:3)
  7 quicksilver dragons
  3 deep elf blademasters
  The ghost of Woitib the Devastator, an adept GrFE of Vehumet (Vaults:4)
  5 sphinxes
  11 ancient champions
  10 death cobs
  Donald (Spider:2)
  Kirke (Spider:2)
  8 tengu reavers
  A strange machine (WizLab)
  17 shadow dragons
  A fenstrider witch (Swamp:3)
  14 storm dragons
  6 draconian monks
  Roxanne (Spider:3)
  15 frost giants
  11 fire giants
  5 draconian knights
  The ghost of Naistiu the Spry, an adept DESu of Gozag (Swamp:1)
  14 deep elf sorcerers
  2 draconian scorchers
  2 emperor scorpions (Spider:4)
  A curse skull (Crypt:2)
  A draconian shifter (Zot:2)
  24 vault wardens
  5 deep elf elementalists (Elf:3)
  Louise (Spider:4)
  A balrug (Depths:1)
  2 draconian stormcallers (Depths:4)
  10 ghouls
  4 orc warlords
  2 caustic shrike skeletons
  17 ironbound preservers
  9 ghost moths
  3 reapers
  3 juggernaut skeletons
  2 war gargoyles
  2 formless jellyfish (Vaults:3)
  23 stone giants
  A broodmother (Spider:4)
  7 vampire knights
  6 deep elf demonologists
  3 black draconians
  4 green draconians
  Nessos (D:12)
  8 ironbound thunderhulks
  21 very ugly things
  9 purple draconians
  6 eleionomae
  A lorocyproca (Zot:1)
  6 white draconians
  A dire elephant (shapeshifter) (Zot:4)
  16 dire elephants
  A minotaur (Gauntlet)
  6 red draconians
  2 deep elf annihilators (Elf:3)
  4 yellow draconians
  3 spark wasps
  2 bunyips
  13 ettins
  7 eidola
  9 deep elf death magi
  10 fire dragons
  3 deep elf high priests
  Josephine (Orc:2)
  A quicksilver dragon zombie (Crypt:1)
  6 entropy weavers
  8 ice dragons
  8 jiangshi
  A shambling mangrove (Swamp:4)
  6 great orbs of eyes
  5 yaktaur captains
  Fannar (Orc:1)
  11 rakshasas
  22 vault guards
  4 spriggan air magi
  5 ogre magi
  21 hydras
  A hydra (shapeshifter) (Zot:4)
  2 quicksilver dragon skeletons (Crypt:3)
  3 jorogumos
  A hell beast (Depths:1)
  16 ironbound frosthearts
  A peacekeeper (Vaults:4)
  4 radroaches
  4 spriggan skeletons (Crypt:3)
  2 alligators
  2 death knights
  6 two-headed ogres
  7 ghost crabs
  32 dancing weapons
  13 centaur warriors
  A sphinx skeleton (Depths:3)
  7 deep troll shamans
  9 boulder beetles
  3 vampire magi
  13 death yaks
  3 tengu warriors
  6 demonic crawlers
  Urug (D:13)
  3 hell knights (Depths:4)
  4 deep troll earth magi
  An occultist (Depths:1)
  6 orc high priests
  18 deep elf knights
  4 spriggan berserkers
  7 soul eaters
  A shock serpent (shapeshifter) (Zot:4)
  Sonja (Lair:5)
  A spectral spark wasp (Depths:1)
  5 titan skeletons
  A fire crab (shapeshifter) (Vaults:5)
  4 goliath frogs
  3 sixfirhies
  A skyshark (Lair:2)
  5 iron trolls
  Lodul (D:14)
  71 skeletal warriors
  2 sun moths
  5 pharaoh ants
  5 orb spiders
  3 flayed ghosts
  3 storm dragon skeletons
  3 shadow wraiths
  A shadow demon (Depths:2)
  An iron giant zombie (Crypt:3)
  5 glowing orange brains
  13 swamp dragons
  8 arcanists
  2 quicksilver dragon simulacra
  6 bog bodies
  3 spriggan druids (Swamp:4)
  42 deep trolls
  6 steelbarb worms
  2 bunyip skeletons (Crypt:3)
  29 deep elf pyromancers
  A golden dragon skeleton (Depths:3)
  19 ironbound convokers
  7 lindwurms
  2 anaconda skeletons (Crypt:3)
  2 harpies (shapeshifter)
  27 deep elf zephyrmancers
  7 necromancers
  14 phantasmal warriors
  7 harpies
  An alligator zombie (Crypt:1)
  9 deep elf archers
  2 manticores
  A faun (shapeshifter) (D:15)
  7 orc sorcerers
  19 wolf spiders
  10 cyclopes
  A manticore (shapeshifter) (Depths:1)
  2 will-o-the-wisps
  26 ugly things
  15 orc knights
  25 moths of wrath
  A titan simulacrum (Vaults:5)
  6 elephants (Lair:5)
  3 shadow dragon skeletons
  2 iron dragon skeletons
  5 tengu skeletons (Depths:3)
  2 fire giant skeletons (Depths:3)
  2 centaur zombies (Crypt:3)
  Joseph (Lair:1)
  An eye of devastation (Lair:5)
  An ice statue (IceCv)
  4 molten gargoyles (D:15)
  A frost giant skeleton (Depths:3)
  2 apocalypse crabs (Zot:4)
  5 black mambas
  8 cane toads
  33 vault sentinels
  2 sea snake zombies
  A torpor snail (Spider:1)
  A hellion (D:9)
  A gargoyle (D:12)
  7 komodo dragons
  An alligator snapping turtle zombie (Crypt:3)
  8 rime drakes
  A centaur skeleton (Crypt:3)
  Maggie (Lair:1)
  A minotaur zombie (Crypt:1)
  3 efreet
  A kobold demonologist (D:13)
  An unseen horror skeleton (Crypt:3)
  7 guardian mummies
  6 freezing wraiths
  20 yaktaurs
  A minotaur skeleton (Crypt:2)
  A red draconian skeleton (Crypt:1)
  3 trolls
  7 meliai
  A hornet (shapeshifter) (Vaults:5)
  2 bloated husks
  A polar bear (shapeshifter) (D:13)
  A harpy zombie (Crypt:2)
  11 tyrant leeches
  15 polar bears
  5 harpy skeletons (Crypt:3)
  26 hornets
  Grinder (D:3)
  2 spectral guardian serpents (Crypt:2)
  23 tarantellas
  20 blink frogs
  3 glass eyes
  A snapping turtle (shapeshifter) (Elf:1)
  2 dream sheep (Lair:5)
  31 culicivoras
  16 flying skulls
  33 jumping spiders
  Sigmund (D:2)
  An ice dragon skeleton (Crypt:2)
  30 slime creatures
  An air elemental (Elf:1)
  31 spriggans
  A ynoxinul (Depths:3)
  7 water elementals
  A stone giant simulacrum (Vaults:5)
  2 shadows
  4 vampires
  3 wyverns
  16 wraiths
  A large abomination (Zot:1)
  2 fire elementals (Elf:3)
  66 yaks
  5 basilisks
  2 hogs (Spider:2)
  2 humans (Spider:2)
  A steam dragon (D:6)
  13 vampire mosquitoes
  63 redbacks
  Menkaure (D:5)
  4 wargs
  14 swamp worms
  4 acid dragons
  A deep troll skeleton (Crypt:3)
  8 swamp drakes
  3 glowing shapeshifter skeletons (Depths:3)
  42 orc warriors
  8 water moccasins
  A sky beast (D:8)
  An ice beast (D:5)
  3 black bears
  43 wolves
  An ogre (shapeshifter) (D:13)
  A hog zombie (Crypt:2)
  17 boggarts
  An elephant zombie (Crypt:2)
  7 centaurs
  14 ogres
  3 phantoms
  3 kobold brigands
  9 bullfrogs
  A gnoll sergeant (D:7)
  8 necrophages
  2 earth elementals (Elf:2)
  A scorpion (D:4)
  3 wights (D:7)
  A shapeshifter zombie (Crypt:2)
  13 killer bees
  A yak skeleton (Crypt:2)
  3 electric eels
  7 howler monkeys
  A lava snake (Lair:5)
  2 black bear zombies
  A human simulacrum (Vaults:5)
  A human zombie (Crypt:3)
  24 orc priests
  A hound (D:4)
  A jelly (D:6)
  A bullfrog skeleton (Crypt:1)
  Jessica (D:2)
  10 iguanas
  Natasha (thrice) (D:4)
  38 orc wizards
  10 hell rats
  The ghost of Stellion the Covert, a weakling GnDe (D:5)
  Robin (D:3)
  11 gnolls
  A howler monkey skeleton (Crypt:2)
  7 adders
  A shadow imp (D:5)
  A steam dragon skeleton (Crypt:1)
  14 white imps
  4 ufetubi (Gauntlet)
  A worm zombie (Crypt:3)
  2 worms
  2 dart slugs (D:4)
  100 orcs
  7 endoplasms
  4 giant cockroaches
  9 hobgoblins
  3 jackals (D:3)
  17 kobolds
  2 quokkas
  5 ball pythons
  8 bats
  13 goblins
  7 rats
  A rat skeleton (Crypt:3)
2378 creatures vanquished.

Vanquished Creatures (collateral kills)
  A Killer Klown (Zot:4)
  2 bone dragons
  Nikola (Swamp:3)
  A hellephant (Zot:4)
  2 tentacled monstrosities (Depths:2)
  An Orb Guardian (Zot:5)
  A sphinx (Vaults:5)
  Agnes (Spider:1)
  A storm dragon (Vaults:4)
  2 fire giants (Depths:2)
  2 ironbound preservers
  A very ugly thing (Zot:4)
  A green draconian (Zot:2)
  An eleionoma (shapeshifter) (Zot:4)
  A spark wasp (Spider:1)
  A dire elephant (Vaults:1)
  A white draconian (Zot:3)
  2 red draconians
  A deep elf death mage (Vaults:5)
  A deep elf high priest (Vaults:5)
  An entropy weaver (Vaults:4)
  A crystal guardian (Vaults:4)
  13 vault guards (Vaults:5)
  A peacekeeper (Vaults:4)
  2 dancing weapons
  A spriggan berserker (Depths:2)
  A hell knight (Depths:4)
  5 skeletal warriors (Depths:3)
  A titan skeleton (Depths:3)
  A storm dragon skeleton (Depths:3)
  A pharaoh ant (Spider:1)
  A deep troll (Vaults:5)
  A deep elf zephyrmancer (Elf:1)
  A necromancer (Depths:4)
  3 deep elf pyromancers (Elf:1)
  An apocalypse crab (Zot:4)
  2 moths of wrath
  A yaktaur (Vaults:3)
  2 meliai (Spider:1)
  A tarantella (Spider:1)
  4 flying skulls (Depths:3)
  3 jumping spiders (Spider:1)
  2 redbacks (Spider:1)
  An ogre (D:3)
  An earth elemental (Elf:1)
  A killer bee (D:9)
  A hound (D:5)
  A sleepcap (D:4)
  A worm (D:2)
  2 orcs
  A ball python (D:3)
  2 endoplasms
  A hobgoblin (D:1)
  A quokka (D:1)
88 creatures vanquished.

Vanquished Creatures (others)
  2 Orb Guardians (Zot:5)
  A tentacled monstrosity (Zot:5)
  A shadow dragon (Zot:5)
  A draconian shifter (Zot:2)
  A stone giant (Depths:1)
  A purple draconian (Zot:2)
  3 vault guards (Vaults:5)
  A deep elf knight (Elf:3)
  2 spriggan druids (Swamp:2)
  A deep troll (Vaults:3)
  A skeletal warrior (Depths:3)
  A deep elf zephyrmancer (Elf:2)
  A phantasmal warrior (Depths:1)
  An ice statue (D:15)
  5 dream sheep (D:4)
  A flying skull (Depths:3)
  3 wolves (IceCv)
  An orc (Vaults:5)
  36 ball lightnings
  5 foxfires
69 creatures vanquished.

Grand Total: 2535 creatures vanquished

Notes
Turn   | Place    | Note
-------+----------+-------------------------------------------
     0 | D:1      | Hi5aMiFi the Djinni Hedge Wizard began the quest for the
                  | Orb.
     0 | D:1      | Hi5aMiFi set off with the following spells memorised: Magic
                  | Dart, Slow, Blink, Call Imp, Mephitic Cloud.
     0 | D:1      | Reached XP level 1. HP: 15/15 MP: 0/0
   306 | D:1      | Reached XP level 2. HP: 21/21 MP: 0/0
   550 | D:1      | You are sucked into a shaft and drop 1 floor!
   745 | D:1      | Found a faded altar of an unknown god.
   915 | D:2      | Reached skill level 1 in Ranged Weapons
   917 | D:2      | Noticed Sigmund
   972 | D:2      | Reached XP level 3. HP: 17/25 MP: 0/0
   972 | D:2      | Learned a level 1 spell: Shock
  1191 | D:2      | Found Faideppiu's General Store.
  1400 | D:2      | Noticed Jessica
  1454 | D:2      | Reached XP level 4. HP: 26/31 MP: 0/0
  1489 | D:3      | Identified the "Genoo"
  1978 | D:3      | Found Cataoxim's Distillery.
  1984 | D:3      | Bought a potion of curing for 42 gold pieces
  1984 | D:3      | Bought a potion of curing for 42 gold pieces
  2190 | D:4      | Noticed Natasha
  2195 | D:4      | Reached XP level 5. HP: 23/35 MP: 0/0
  2195 | D:4      | Learned a level 2 spell: Lesser Beckoning
  2253 | D:4      | Noticed a phantom
  2254 | D:4      | Killed Natasha
  2280 | D:4      | Killed a phantom
  2281 | D:4      | Reached XP level 6. HP: 32/40 MP: 0/0
  2411 | D:4      | Noticed an ogre
  2423 | D:4      | Reached skill level 5 in Spellcasting
  2423 | D:4      | Reached skill level 5 in Conjurations
  2423 | D:4      | Reached skill level 5 in Hexes
  2423 | D:4      | Reached skill level 5 in Summonings
  2423 | D:4      | Reached skill level 5 in Necromancy
  2423 | D:4      | Reached skill level 5 in Translocations
  2423 | D:4      | Reached skill level 5 in Transmutations
  2423 | D:4      | Reached skill level 5 in Fire Magic
  2423 | D:4      | Reached skill level 5 in Ice Magic
  2423 | D:4      | Reached skill level 5 in Air Magic
  2423 | D:4      | Reached skill level 5 in Earth Magic
  2423 | D:4      | Reached skill level 5 in Poison Magic
  2445 | D:4      | Reached skill level 1 in Fighting
  2548 | D:4      | Noticed an ogre
  2592 | D:3      | Killed an ogre
  2593 | D:3      | Reached XP level 7. HP: 23/49 MP: 0/0
  2593 | D:3      | Learned a level 3 spell: Stone Arrow
  2741 | D:2      | Killed Jessica
  2827 | D:2      | Killed Sigmund
  3061 | D:3      | Noticed Grinder
  3545 | D:4      | Reached XP level 8. HP: 47/56 MP: 0/0
  4064 | D:4      | Noticed a dream sheep
  4064 | D:4      | Noticed a dream sheep
  4064 | D:4      | Noticed a dream sheep
  4064 | D:4      | Noticed a dream sheep
  4064 | D:4      | Noticed a dream sheep
  4064 | D:4      | Found a shimmering altar of Xom.
  4068 | D:4      | Killed a dream sheep
  4068 | D:4      | Killed a dream sheep
  4068 | D:4      | Killed a dream sheep
  4068 | D:4      | Killed a dream sheep
  4068 | D:4      | Killed a dream sheep
  4109 | D:4      | Noticed Natasha
  4113 | D:4      | Killed Natasha
  4228 | D:4      | Noticed Natasha
  4232 | D:4      | Killed Natasha
  4566 | D:5      | Entered Level 5 of the Dungeon
  4829 | D:5      | Found a hide-covered altar of Uskayaw.
  4832 | D:5      | Noticed a +0 dagger
  4833 | D:5      | Noticed a +0 hand axe
  5128 | D:5      | Reached skill level 5 in Fighting
  5203 | D:5      | Reached XP level 9. HP: 58/65 MP: 0/0
  5203 | D:5      | Learned a level 4 spell: Vhi's Electric Charge
  5439 | D:2      | Bought 3 scrolls of identify for 78 gold pieces
  5563 | D:5      | Found a runed translucent gate.
  5563 | D:5      | Found a runed translucent gate.
  5563 | D:5      | Found a runed translucent gate.
  5563 | D:5      | Noticed Stellion's ghost (weakling GnDe)
  5570 | D:5      | Killed Stellion's ghost
  5656 | D:5      | Noticed Menkaure
  5822 | D:5      | Found a shadowy altar of Dithmenos.
  5941 | D:5      | Found a white marble altar of Elyvilon.
  5945 | D:5      | Became a worshipper of Elyvilon the Healer
  5951 | D:5      | Found a burning altar of Makhleb.
  5956 | D:5      | Found an opulent altar of Gozag.
  5968 | D:5      | Found an ornate altar of the Wu Jian Council.
  5980 | D:5      | Found an iron altar of Okawaru.
  5987 | D:5      | Found a snail-covered altar of Cheibriados.
  6025 | D:5      | Found a sparkling altar of Nemelex Xobeh.
  6049 | D:6      | Identified the "Equiles"
  6049 | D:6      | Identified the "Utzoatty"
  6091 | D:6      | Reached skill level 5 in Dodging
  6173 | D:6      | Found a bloodstained altar of Trog.
  6586 | D:6      | Found a stormy altar of Qazlal.
  7240 | D:7      | Reached XP level 10. HP: 40/76 MP: 0/0
  7401 | D:7      | Found a glowing golden altar of the Shining One.
  7490 | D:7      | Reached * piety under Elyvilon
  7911 | D:7      | Found a staircase to the Ecumenical Temple.
  7922 | Temple   | Entered the Ecumenical Temple
  8034 | D:7      | Reached skill level 1 in Evocations
  8290 | D:8      | Reached ** piety under Elyvilon
  8514 | D:2      | Bought a potion of haste for 130 gold pieces
  8567 | D:3      | Bought a potion of brilliance for 56 gold pieces
  8718 | D:8      | Found a sacrificial altar of Ru.
  8925 | D:8      | Fell from the grace of Elyvilon
  8925 | D:8      | Became a worshipper of Ru the Awakened
  9279 | D:8      | Identified the +2 leather armour of Mount {Str+4 Int+3}
  9435 | D:8      | Reached skill level 1 in Armour
  9925 | D:9      | Noticed a two-headed ogre
 10066 | D:9      | Reached skill level 10 in Fighting
 10332 | D:9      | Noticed a two-headed ogre
 10341 | D:9      | Killed a two-headed ogre
 10342 | D:9      | Reached skill level 5 in Armour
 10342 | D:9      | Reached XP level 11. HP: 66/85 MP: 0/0
 10342 | D:9      | Learned a level 4 spell: Cause Fear
 10675 | D:9      | Noticed a two-headed ogre
 10688 | D:9      | Killed a two-headed ogre
 11160 | D:9      | Killed a two-headed ogre
 11322 | D:9      | Gained mutation: You cannot study or use magical devices.
                  | [Ru sacrifice]
 11322 | D:9      | Reached * piety under Ru
 11322 | D:9      | Reached ** piety under Ru
 11489 | D:10     | Entered Level 10 of the Dungeon
 11489 | D:10     | Found a staircase to the Orcish Mines.
 12297 | D:10     | Found a staircase to the Lair.
 12498 | D:11     | Noticed a boulder beetle
 12505 | D:11     | Killed a boulder beetle
 12580 | D:11     | Gained mutation: You are missing an eye, making it more
                  | difficult to aim. [Ru sacrifice]
 12580 | D:11     | Reached *** piety under Ru
 13617 | D:11     | Noticed a two-headed ogre
 13638 | D:11     | Killed a two-headed ogre
 13639 | D:11     | Reached XP level 12. HP: 72/94 MP: 0/0
 14103 | D:2      | Bought a +2 leather armour of willpower for 247 gold pieces
 14344 | D:3      | Bought a potion of curing for 42 gold pieces
 14419 | D:3      | Noticed Robin
 14424 | D:3      | Killed Robin
 14440 | D:3      | Killed Grinder
 14830 | D:5      | Killed Menkaure
 15069 | D:11     | Identified the +9 long sword "Beogawuwn" {heavy, Will+}
 15751 | Lair:1   | Entered Level 1 of the Lair of Beasts
 15810 | Lair:1   | Noticed Maggie
 15859 | Lair:1   | Noticed Joseph
 15866 | Lair:1   | Killed Joseph
 16055 | Lair:1   | Reached skill level 1 in Long Blades
 16569 | Lair:1   | Gained mutation: You are frail. (-10% HP) [Ru sacrifice]
 16569 | Lair:1   | Reached **** piety under Ru
 16569 | Lair:1   | Reached ***** piety under Ru
 16634 | Lair:1   | Killed Maggie
 17455 | Lair:2   | Noticed a skyshark
 17531 | Lair:2   | Killed a skyshark
 17532 | Lair:2   | Reached XP level 13. HP: 62/88 MP: 0/0
 17532 | Lair:2   | Learned a level 5 spell: Yara's Violent Unravelling
 17988 | Lair:2   | Reached skill level 10 in Dodging
 17988 | Lair:2   | Reached skill level 10 in Spellcasting
 17988 | Lair:2   | Reached skill level 10 in Conjurations
 17988 | Lair:2   | Reached skill level 10 in Hexes
 17988 | Lair:2   | Reached skill level 10 in Summonings
 17988 | Lair:2   | Reached skill level 10 in Necromancy
 17988 | Lair:2   | Reached skill level 10 in Translocations
 17988 | Lair:2   | Reached skill level 10 in Transmutations
 17988 | Lair:2   | Reached skill level 10 in Fire Magic
 17988 | Lair:2   | Reached skill level 10 in Ice Magic
 17988 | Lair:2   | Reached skill level 10 in Air Magic
 17988 | Lair:2   | Reached skill level 10 in Earth Magic
 17988 | Lair:2   | Reached skill level 10 in Poison Magic
 18688 | D:3      | Bought a potion of haste for 140 gold pieces
 18931 | Lair:2   | Found a staircase to the Swamp.
 18991 | Lair:2   | Found a hole to the Spider Nest.
 19555 | Lair:3   | Gained mutation: You cannot be stealthy. [Ru sacrifice]
 20733 | Lair:3   | Noticed an eight-headed hydra
 20747 | Lair:3   | Killed an eight-headed hydra
 20797 | Lair:4   | Noticed a four-headed hydra
 21173 | Lair:4   | Identified the +1 war axe of Uncertain Death {flame, rC+
                  | rN++}
 21593 | Lair:4   | Killed a four-headed hydra
 21685 | Lair:4   | Gained mutation: You cannot train Armour skill. [Ru
                  | sacrifice]
 21685 | Lair:4   | Reached ****** piety under Ru
 21884 | Lair:5   | Entered Level 5 of the Lair of Beasts
 21906 | Lair:5   | Noticed Sonja
 21906 | Lair:5   | Found a gate leading to a gauntlet.
 21912 | Lair:5   | Killed Sonja
 21975 | Lair:4   | Reached XP level 14. HP: 74/96 MP: 0/0
 22210 | Gauntlet | Entered a Gauntlet
 22210 | Gauntlet | Found a transporter.
 22210 | Gauntlet | Found a runed translucent gate.
 22210 | Gauntlet | Found a runed translucent gate.
 22213 | Gauntlet | Found a runed translucent gate.
 22213 | Gauntlet | Found a transporter.
 22215 | Gauntlet | Found a transporter.
 22229 | Gauntlet | Found a transporter.
 22231 | Gauntlet | Found a transporter.
 22245 | Gauntlet | Found a transporter.
 22256 | Gauntlet | Found a transporter.
 22260 | Gauntlet | Found a transporter.
 22280 | Gauntlet | Found a transporter.
 22285 | Gauntlet | Found a transporter.
 22293 | Gauntlet | Found a transporter.
 22297 | Gauntlet | Found a transporter.
 22324 | Gauntlet | Found a transporter.
 22331 | Gauntlet | Found a transporter.
 22518 | Gauntlet | Identified the amulet "Piluch" {Faith rPois Str-2 Int+9
                  | Stlth+}
 22567 | Gauntlet | Identified the ring of Sesistog {rElec rF+ Will+ Dex-4}
 22762 | Gauntlet | Identified the +6 shortbow of Laezul {freeze, Int+4}
 22762 | Gauntlet | Noticed a minotaur
 22765 | Gauntlet | Killed a minotaur
 23932 | Lair:5   | Reached skill level 15 in Fighting
 25006 | Lair:5   | Found a viscous altar of Jiyva.
 25006 | Lair:5   | Found a staircase to the Slime Pits.
 25019 | Lair:5   | Identified the +6 spear of the Inquisitive Deaths {distort,
                  | Dex+4}
 25515 | D:12     | Found a frozen archway.
 25679 | IceCv    | Entered an ice cave
 26372 | IceCv    | Reached XP level 15. HP: 96/108 MP: 0/0
 26372 | IceCv    | Learned a level 6 spell: Starburst
 28488 | D:12     | Noticed Nessos
 28489 | D:12     | Noticed Jorgrun
 29434 | D:13     | Found a gate to the Vaults.
 29674 | D:13     | Found a glowing silver altar of Zin.
 30333 | D:13     | Identified the +8 war axe "Kocs" {drain, Contam Will++
                  | rCorr}
 30833 | D:13     | Noticed Urug
 30840 | D:13     | Killed Urug
 31178 | D:14     | Found a basalt altar of Yredelemnul.
 31270 | D:14     | Reached XP level 16. HP: 101/113 MP: 0/0
 32609 | D:14     | Noticed Lodul
 32614 | D:14     | Killed Lodul
 33401 | D:12     | Killed Nessos
 33726 | D:12     | Killed Jorgrun
 33937 | Orc:1    | Entered Level 1 of the Orcish Mines
 34511 | D:3      | Bought a potion of attraction for 42 gold pieces
 34686 | Orc:2    | Entered Level 2 of the Orcish Mines
 34688 | Orc:2    | Noticed Josephine
 34691 | Orc:2    | Killed Josephine
 35288 | Orc:2    | Found a staircase to the Elven Halls.
 35827 | Orc:1    | Noticed Fannar
 36241 | Orc:2    | Reached skill level 15 in Dodging
 37299 | Orc:2    | Found Hiabuam's Assorted Antiques.
 37307 | Orc:2    | Bought a scroll labelled SYITSA MEOSCH for 22 gold pieces
 37307 | Orc:2    | Bought a scroll labelled SYITSA MEOSCH for 22 gold pieces
 37307 | Orc:2    | Bought a scroll labelled SESTRE GARON for 22 gold pieces
 37530 | Orc:2    | Found Esypsaff's General Store.
 37531 | Orc:2    | Found Riroo's Jewellery Shop.
 37534 | Orc:2    | Found Woargh's Antique Armour Shop.
 37534 | Orc:2    | Found Mexzof's Antique Weapon Boutique.
 37592 | Orc:2    | Bought a potion of ambrosia for 96 gold pieces
 37593 | Orc:2    | Bought the ring of Xom's Inspiration {rC+ Will+ MP+9} for
                  | 810 gold pieces
 37745 | Orc:1    | Killed Fannar
 38321 | Orc:2    | Bought a scroll of teleportation for 66 gold pieces
 38417 | Orc:2    | Bought a ring of see invisible for 210 gold pieces
 38428 | Orc:2    | Bought an embroidered robe for 77 gold pieces
 38557 | Swamp:1  | Identified the "Lesudeto"
 38557 | Swamp:1  | Entered Level 1 of the Swamp
 38677 | Swamp:1  | You are sucked into a shaft and drop 1 floor!
 38922 | Swamp:1  | Found a runed translucent door.
 38923 | Swamp:1  | Noticed Naistiu's ghost (adept DESu)
 39401 | Swamp:2  | Reached XP level 17. HP: 63/111 MP: 0/0
 39401 | Swamp:2  | Learned a level 7 spell: Orb of Destruction
 41403 | Swamp:3  | Noticed Mara
 41414 | Swamp:3  | Killed Mara
 41627 | Swamp:3  | Noticed a tentacled monstrosity
 41807 | Swamp:3  | Noticed Nikola
 42377 | Swamp:3  | Killed a tentacled monstrosity
 42917 | Swamp:3  | Killed Nikola
 43487 | Swamp:4  | Entered Level 4 of the Swamp
 43957 | Swamp:4  | Reached skill level 15 in Spellcasting
 43957 | Swamp:4  | Reached skill level 15 in Conjurations
 43957 | Swamp:4  | Reached skill level 15 in Hexes
 43957 | Swamp:4  | Reached skill level 15 in Summonings
 43957 | Swamp:4  | Reached skill level 15 in Necromancy
 43957 | Swamp:4  | Reached skill level 15 in Translocations
 43957 | Swamp:4  | Reached skill level 15 in Transmutations
 43957 | Swamp:4  | Reached skill level 15 in Fire Magic
 43957 | Swamp:4  | Reached skill level 15 in Ice Magic
 43957 | Swamp:4  | Reached skill level 15 in Air Magic
 43957 | Swamp:4  | Reached skill level 15 in Earth Magic
 43957 | Swamp:4  | Reached skill level 15 in Poison Magic
 44907 | Swamp:4  | Reached XP level 18. HP: 117/123 MP: 0/0
 45547 | Swamp:4  | Noticed the 27-headed Lernaean hydra
 45550 | Swamp:4  | Killed the 27-headed Lernaean hydra
 46260 | Swamp:4  | Got a decaying rune of Zot
 46445 | Spider:1 | Entered Level 1 of the Spider Nest
 46631 | Spider:1 | Noticed Agnes
 46637 | Spider:1 | Killed Agnes
 47911 | Spider:1 | Identified the +0 helmet of Servitude {rF+ Str+2}
 48067 | Orc:2    | Bought the ring "Wefemumi" {Fly rElec rF++ Int-2} for 627
                  | gold pieces
 49377 | Spider:2 | Noticed Kirke
 49383 | Spider:2 | Killed Kirke
 49470 | Spider:2 | Noticed Arachne
 49487 | Spider:2 | Reached XP level 19. HP: 90/119 MP: 0/0
 49487 | Spider:2 | Learned a level 6 spell: Conjure Ball Lightning
 49489 | Spider:2 | Killed Arachne
 49502 | Spider:2 | Noticed Donald
 50025 | Spider:2 | Killed Donald
 50201 | Spider:2 | Identified the +2 plate armour "Nuwnuroug" {+Inv rF+ Str+6}
 50207 | Spider:2 | Identified the +3 short sword of Mourning {pain, rElec
                  | Int+5}
 50324 | Spider:3 | Reached XP level 20. HP: 140/140 MP: 0/0
 50552 | Spider:3 | Noticed Asterion
 50560 | Spider:3 | Killed Asterion
 50613 | Spider:3 | Identified a scroll of acquirement
 50614 | Spider:3 | Acquired the +6 rapier of Doom {flame, rF+ rC++ Int+4}
 50936 | Spider:3 | Noticed Roxanne
 51104 | Spider:3 | Killed Roxanne
 51208 | Spider:4 | Entered Level 4 of the Spider Nest
 51216 | Spider:4 | Noticed Louise
 51225 | Spider:4 | Killed Louise
 51622 | Spider:4 | Acquired the amulet of Day {Regen+ Dex+4}
 52825 | Spider:4 | Got a gossamer rune of Zot
 53024 | Swamp:1  | Killed Naistiu's ghost
 53183 | Vaults:1 | Entered Level 1 of the Vaults
 53799 | Vaults:1 | Reached XP level 21. HP: 109/148 MP: 0/0
 53799 | Vaults:1 | Learned a level 7 spell: Monstrous Menagerie
 54130 | Vaults:1 | Identified the ring of Fagiblue {*Corrode rElec Int+4 Dex+3
                  | SInv}
 55686 | Vaults:2 | Identified the +8 falchion "Tiezoehazu" {heavy, rCorr MP+9
                  | Dex-3 Stlth+}
 56511 | Vaults:2 | Reached XP level 22. HP: 153/156 MP: 0/0
 57430 | Vaults:3 | Found a staircase to the Crypt.
 57577 | Vaults:3 | Identified the +3 leather armour "Poogil" {rPois rCorr}
 58897 | Vaults:4 | Found Gozag's Antique Weapon Shoppe.
 58899 | Vaults:4 | Found an opulent altar of Gozag.
 58904 | Vaults:4 | Found Gozag's Assorted Antiques.
 58967 | Vaults:4 | Bought a scroll of blinking for 750 gold pieces
 58970 | Vaults:4 | Found Gozag's Assorted Antiques.
 59047 | Vaults:4 | Bought a pair of embroidered gloves for 750 gold pieces
 59089 | Vaults:4 | Bought a potion of heal wounds for 500 gold pieces
 59711 | Vaults:4 | Reached XP level 23. HP: 154/163 MP: 0/0
 59711 | Vaults:4 | Learned a level 7 spell: Enfeeble
 60239 | Vaults:4 | Noticed Woitib's ghost (adept GrFE)
 60243 | Vaults:4 | Found a transporter.
 60246 | Vaults:4 | Found a transporter.
 60797 | D:15     | Entered Level 15 of the Dungeon
 60835 | D:15     | Identified the +4 short sword of the Hammering Gods {flame,
                  | Int+6}
 61436 | D:15     | Found a staircase to the Depths.
 61562 | D:15     | Identified the +2 battleaxe of Equivalence {elec, Int+3}
 61788 | Vaults:5 | Identified the of Ajofihem
 61788 | Vaults:5 | Identified the of Qiejihitso
 61788 | Crypt:3  | Identified the of Kuych
 61788 | Depths:2 | Identified the "Imaps"
 61788 | Elf:1    | Identified the of Wuli
 61788 | Elf:1    | Entered Level 1 of the Elven Halls
 61809 | Elf:1    | Found Zyoddam's General Store.
 61903 | Elf:1    | Found a flickering gateway to a bazaar.
 61919 | Bazaar   | Entered a bazaar
 61933 | Bazaar   | Found Otaliecrat's Distillery.
 61955 | Bazaar   | Found Lopysonn's Assorted Antiques.
 61955 | Bazaar   | Found Zoum's Armour Emporium.
 61977 | Bazaar   | Found Qeideoli's Book Shoppe.
 61977 | Bazaar   | Found Ususure's Weapon Emporium.
 62031 | Bazaar   | Bought a shimmering lead ring for 145 gold pieces
 62031 | Bazaar   | Identified the ring of the Empty Page {rCorr Int+4} (You
                  | bought it in a shop in a bazaar)
 62031 | Bazaar   | Bought a fine robe for 165 gold pieces
 62031 | Bazaar   | Identified the +2 robe of the Beginning {MP+9} (You bought
                  | it in a shop in a bazaar)
 62047 | Bazaar   | Bought a potion of brilliance for 36 gold pieces
 62047 | Bazaar   | Bought 2 potions of brilliance for 72 gold pieces
 62047 | Bazaar   | Bought a potion of cancellation for 72 gold pieces
 62047 | Bazaar   | Bought a potion of curing for 27 gold pieces
 62047 | Bazaar   | Bought a potion of curing for 27 gold pieces
 62047 | Bazaar   | Bought a potion of attraction for 27 gold pieces
 62047 | Bazaar   | Bought a potion of attraction for 27 gold pieces
 62061 | Bazaar   | Bought a potion of brilliance for 116 gold pieces
 62272 | Elf:1    | Found Zoewatto's Antique Armour Emporium.
 62278 | Elf:1    | Found Gakh's Weapon Boutique.
 63002 | Elf:2    | Identified the ring "Goedoumn" {rPois rF++ Str+6 Int-2
                  | SInv}
 63322 | Elf:2    | Identified the +0 buckler of the Bagpipe {rPois}
 63343 | Elf:2    | Found a huge runed translucent gate.
 63351 | Elf:2    | Found a huge runed translucent gate.
 63352 | Elf:2    | Found a huge runed translucent gate.
 63353 | Elf:2    | Found a huge runed translucent gate.
 63353 | Elf:2    | Found a huge runed translucent gate.
 63487 | Elf:2    | Found Puaj's Jewellery Shop.
 63507 | Elf:2    | Found Puusu's Magic Scroll Boutique.
 63573 | Elf:2    | Found Reteazib's Antique Weapon Emporium.
 63693 | Elf:2    | Found Feehyra's Jewellery Emporium.
 63705 | Elf:2    | Found Juusau's Book Boutique.
 63705 | Elf:2    | Found Deung's Book Boutique.
 64292 | Elf:3    | Identified the "Xaphoott"
 64292 | Elf:3    | Identified the of Uzxarphica
 64292 | Elf:3    | Identified the "Katorodd"
 64292 | Elf:3    | Identified the "Vawkiom"
 64292 | Elf:3    | Entered Level 3 of the Elven Halls
 64555 | Elf:3    | Noticed Saint Roka
 64565 | Elf:3    | Killed Saint Roka
 64566 | Elf:3    | Reached XP level 24. HP: 83/171 MP: 0/0
 64927 | Elf:3    | Identified the amulet "Diwnis" {Rampage rPois Regen+}
 65172 | Elf:3    | Identified the ring of Behiemud {Fly rF+ Dex+6}
 65532 | Elf:3    | Identified the amulet of Light {Regen+ Int+2 Dex+2 Stlth+}
 65533 | Elf:3    | Found the +18 shield of the Gong {Loud rN+ Will+ rCorr
                  | EV-5}
 65543 | Elf:3    | Identified the +3 chain mail of the Vestibule of Hell
                  | {rPois}
 65654 | Elf:3    | Identified the staff "Cunenlabil" {rElec rPois Will- Str-3
                  | Dex+6 Air}
 66010 | Elf:1    | Bought the +1 cloak of Starlight {*Dazzle EV+4 Stlth--} for
                  | 976 gold pieces
 66010 | Elf:1    | Found the +1 cloak of Starlight {*Dazzle EV+4 Stlth--}
 66010 | Elf:1    | Bought a glowing hat for 224 gold pieces
 66234 | Crypt:1  | Entered Level 1 of the Crypt
 66272 | Crypt:1  | Noticed Zenata
 66287 | Crypt:1  | Killed Zenata
 66296 | Crypt:1  | Reached skill level 1 in Throwing
 68327 | Crypt:3  | Entered Level 3 of the Crypt
 68352 | Crypt:3  | Reached XP level 25. HP: 158/178 MP: 0/0
 68352 | Crypt:3  | Learned a level 8 spell: Borgnjor's Revivification
 68446 | Crypt:3  | Found a magical portal.
 68527 | WizLab   | Entered Tukima's Studio
 68822 | WizLab   | Identified the +1 pair of boots "Paimp" {*Slow rElec Str+3}
 68824 | WizLab   | Identified the +0 pair of boots of Undesirable Species
                  | {Will++ Int+3}
 69066 | Crypt:3  | Found a staircase to the Tomb.
 69638 | Crypt:3  | Found a basalt altar of Yredelemnul.
 70166 | Crypt:3  | Noticed an ancient lich
 70170 | Crypt:3  | Killed an ancient lich
 70274 | Crypt:3  | Identified the ring of Yqeguar {rC- Int+6 Dex+3 Stlth+}
 70342 | Crypt:3  | Identified the staff of Diaghoch {Drain rN+ Will+ Str+2
                  | Dex+3 Necro}
 71294 | Elf:1    | Bought a runed orb for 384 gold pieces
 71520 | Depths:1 | Entered Level 1 of the Depths
 71565 | Depths:1 | Found a gateway to Hell.
 71689 | Depths:1 | Found a one-way gateway to a ziggurat.
 71759 | Depths:1 | Reached XP level 26. HP: 172/188 MP: 0/0
 71829 | Depths:1 | Identified the +6 hand axe of the Equinox {heavy, Fly rC++
                  | Dex+5}
 72565 | Depths:1 | Identified the +4 ring mail of Cuk Gyr {Str+4}
 72690 | Depths:1 | Found a stormy altar of Qazlal.
 72983 | Depths:2 | Found a one-way gate leading to the halls of Pandemonium.
 73284 | Depths:2 | Noticed Sojobo
 73295 | Depths:2 | Killed Sojobo
 73383 | Depths:2 | You are sucked into a shaft and drop 2 floors!
 73383 | Depths:4 | Entered Level 4 of the Depths
 73666 | Depths:2 | Found a blossoming altar of Fedhas.
 73666 | Depths:2 | Found a white marble altar of Elyvilon.
 74991 | Depths:2 | Identified the +2 robe of Intercession {Harm rF- Regen+
                  | Stlth+}
 74998 | Depths:2 | Identified the +1 halberd of the Cup {flame, SInv}
 75169 | Depths:2 | Reached XP level 27. HP: 176/196 MP: 0/0
 75169 | Depths:2 | Learned a level 9 spell: Death's Door
 75708 | Elf:2    | Bought the amulet "Niapoh" {Contam Fly rElec Regen+ Dex+7}
                  | for 828 gold pieces
 76270 | Depths:3 | Found a one-way gate to the infinite horrors of the Abyss.
 76823 | Depths:3 | Identified the +5 halberd "Orecarin" {pain, rC+}
 77148 | Depths:4 | Found Felaot's Book Emporium.
 77361 | Depths:4 | Identified the +1 pair of gloves of Niasus {rN+ Int+3}
 77379 | Depths:4 | Found Hisokyg's Weapon Shop.
 77702 | Depths:4 | Found a portal to a secret trove of treasure.
 77786 | Depths:4 | Noticed a juggernaut
 77796 | Depths:4 | Killed a juggernaut
 77953 | Depths:4 | Found Juliebliss's General Store.
 78183 | Depths:4 | Found a gate to the Realm of Zot.
 78735 | Depths:4 | Bought a potion of mutation for 136 gold pieces
 78735 | Depths:4 | Bought a scroll of teleportation for 51 gold pieces
 79082 | Vaults:4 | Killed Woitib's ghost
 79082 | Vaults:4 | Gained mutation: Armour fits poorly on your strangely
                  | shaped body. [you]
 79096 | Vaults:4 | Identified the staff of Flying Execution {rC+++ rN+ Int+4
                  | Conj}
 79181 | Vaults:5 | Entered Level 5 of the Vaults
 79184 | Vaults:5 | Reached skill level 27 in Dodging
 79222 | Vaults:5 | Identified the "Ebiewk" (You acquired it on level 5 of the
                  | Vaults)
 79222 | Vaults:5 | Acquired 919 gold pieces
 79229 | Vaults:5 | Got a silver rune of Zot
 79429 | Vaults:5 | Noticed an ancient lich
 79439 | Vaults:5 | Killed an ancient lich
 79664 | Vaults:5 | Noticed an ancient lich
 79672 | Vaults:5 | Killed an ancient lich
 79720 | Vaults:5 | Identified the staff of Fett {rElec rPois Air}
 80366 | Vaults:5 | Identified the +1 robe "Xuogyli" {rC++ Str+2 Slay-2}
 80641 | Vaults:5 | Identified the +6 mace of Osieript {venom, MP+9}
 80938 | Vaults:4 | Bought a glowing orb for 1200 gold pieces
 81129 | Elf:1    | Bought a potion of brilliance for 80 gold pieces
 81168 | Elf:1    | Bought 2 throwing nets for 84 gold pieces
 81260 | Elf:2    | Bought a ring of willpower for 375 gold pieces
 81675 | Zot:1    | Entered Level 1 of the Realm of Zot
 81793 | Zot:1    | Noticed a dread lich
 81799 | Zot:1    | Killed a dread lich
 82343 | Zot:1    | Noticed an ancient lich
 82351 | Zot:1    | Killed an ancient lich
 83078 | Zot:2    | Noticed a Killer Klown
 83383 | Zot:2    | Killed a Killer Klown
 84093 | Zot:3    | Identified the "Gienok"
 84186 | Zot:3    | Found a large runed translucent door.
 84187 | Zot:3    | Found a large runed translucent door.
 84190 | Zot:3    | Noticed Heerchaexodu's ghost (veteran OgBe)
 84221 | Zot:3    | Reached skill level 27 in Fighting
 84914 | Zot:3    | You are sucked into a shaft and drop 1 floor!
 84914 | Zot:4    | Identified the of Vec Imut
 84914 | Zot:4    | Identified the "Xaugiorr"
 85243 | Zot:3    | Identified the "Ogeimp" (You acquired it on level 3 of the
                  | Realm of Zot)
 85243 | Zot:3    | Acquired a manual of Throwing
 85605 | Zot:4    | Found a huge runed gate.
 85605 | Zot:4    | Found a huge runed gate.
 85606 | Zot:4    | Found a huge runed gate.
 85606 | Zot:4    | Found a huge runed gate.
 85606 | Zot:4    | Found a huge runed gate.
 85606 | Zot:4    | Found a huge runed gate.
 85607 | Zot:4    | Found a huge runed gate.
 85607 | Zot:4    | Found a huge runed gate.
 85698 | Zot:4    | Found a huge runed gate.
 85698 | Zot:4    | Found a huge runed gate.
 85698 | Zot:4    | Found a huge runed gate.
 85698 | Zot:4    | Found a huge runed gate.
 85699 | Zot:4    | Found a huge runed gate.
 85699 | Zot:4    | Found a huge runed gate.
 85700 | Zot:4    | Found a huge runed gate.
 85710 | Zot:4    | Found a huge runed gate.
 85711 | Zot:4    | Found a huge runed gate.
 85714 | Zot:4    | Found a huge runed gate.
 85716 | Zot:4    | Found a huge runed gate.
 85716 | Zot:4    | Found a huge runed gate.
 85716 | Zot:4    | Found a huge runed gate.
 85716 | Zot:4    | Found a huge runed gate.
 85728 | Zot:4    | Found a huge runed gate.
 85728 | Zot:4    | Found a huge runed gate.
 85728 | Zot:4    | Found a huge runed gate.
 85729 | Zot:4    | Found a huge runed gate.
 85730 | Zot:4    | Found a huge runed gate.
 85731 | Zot:4    | Found a huge runed gate.
 86072 | Zot:4    | Found a huge runed gate.
 86072 | Zot:4    | Found a huge runed gate.
 86072 | Zot:4    | Found a huge runed gate.
 86072 | Zot:4    | Found a huge runed gate.
 86073 | Zot:4    | Found a huge runed gate.
 86073 | Zot:4    | Found a huge runed gate.
 86073 | Zot:4    | Found a huge runed gate.
 86074 | Zot:4    | Found a huge runed gate.
 86349 | Zot:4    | Noticed a Killer Klown
 86349 | Zot:4    | Noticed a Killer Klown
 86351 | Zot:4    | Reached skill level 5 in Throwing
 86353 | Zot:4    | Killed a Killer Klown
 86355 | Zot:4    | Killed a Killer Klown
 86503 | Zot:4    | Identified the +1 scale mail "Noas Suh" {rElec rF+ Int+3
                  | Dex-2}
 86990 | Zot:5    | Entered Level 5 of the Realm of Zot
 87544 | Zot:5    | Noticed a dread lich
 87556 | Zot:5    | Killed a dread lich
 87700 | Zot:5    | Noticed an ancient lich
 87705 | Zot:5    | Killed an ancient lich
 87791 | Zot:5    | Noticed an orb of fire
 87858 | Zot:5    | Gained mutation: You are occasionally teleported next to
                  | monsters. [an orb of fire]
 87860 | Zot:5    | Killed an orb of fire
 87861 | Zot:5    | Lost mutation: Armour fits poorly on your strangely shaped
                  | body. [potion of mutation]
 87861 | Zot:5    | Lost mutation: You are occasionally teleported next to
                  | monsters. [potion of mutation]
 87861 | Zot:5    | Gained mutation: Your muscles are strong. (Str +4, Int/Dex
                  | -1) [potion of mutation]
 87861 | Zot:5    | Gained mutation: You are agile. (Dex +4, Str/Int -1)
                  | [potion of mutation]
 87861 | Zot:5    | Gained mutation: You are partially covered in iridescent
                  | scales. (AC +2) [potion of mutation]
 87861 | Zot:5    | Gained mutation: You are very agile. (Dex +8, Str/Int -2)
                  | [potion of mutation]
 87963 | Zot:5    | Noticed a Killer Klown
 87968 | Zot:5    | Noticed an orb of fire
 87968 | Zot:5    | Killed a Killer Klown
 87973 | Zot:5    | Noticed an orb of fire
 87982 | Zot:5    | Killed an orb of fire
 87983 | Zot:5    | Noticed an orb of fire
 87984 | Zot:5    | Killed an orb of fire
 87990 | Zot:5    | Killed an orb of fire
 87991 | Zot:5    | Reached skill level 10 in Throwing
 87991 | Zot:5    | Noticed an orb of fire
 88000 | Zot:5    | Killed an orb of fire
 88792 | Zot:5    | Noticed an orb of fire
 88796 | Zot:5    | Noticed a dread lich
 89307 | Zot:5    | Killed a dread lich
 89308 | Zot:5    | Noticed a dread lich
 89313 | Zot:5    | Killed a dread lich
 89395 | Zot:5    | Noticed a Killer Klown
 89397 | Zot:5    | Noticed an orb of fire
 89404 | Zot:5    | Killed a Killer Klown
 89411 | Zot:5    | Killed an orb of fire
 89633 | Zot:5    | Killed an orb of fire
 89834 | Zot:5    | Got the Orb of Zot
 90502 | D:$      | Escaped with the Orb!

Illustrated notes

Levels and vault maps discovered:
D:1:      minmay_arrival_three_doors, layout_rooms,
          shapermc_ecumenical_altar_mp_vishouse, serial_bayou_pond_a,
          kennysheep_flooded_box
D:2:      layout_basic, serial_shops, nicolae_shop_tiny_statue_garden,
          uniq_sigmund, uniq_jessica
D:3:      layout_loops_ring, serial_shops, shop,
          hangedman_decor_clover_reticule, uniq_grinder, uniq_robin
D:4:      layout_layer_cave, kb_xom_exploding_sheep, uniq_natasha
D:5:      layout_loops_ring, grunt_temple_overflow_octagram,
          nemelex_diamond_rough_becter, dancing_weapons_uskayaw,
          grunt_dithmenos_shadows, ebering_ghost_rock_garden, uniq_menkaure
D:6:      layout_basic, nzn_overflow_gifts_of_might_and_magic, lemuel_tele_altar
D:7:      layout_loops_ring, amcnicky_altar_gilded,
          minmay_temple_entry_overgrown, roderic_st_hans_cross,
          minmay_stone_trees_small
D:8:      layout_cave_pools, nicolae_ru_awakened_eye
D:9:      layout_basic
D:10:     layout_rooms, lair_entry_dummy, orc_0_dummy
D:11:     kennysheep_spiral_hall, layout_long_grid, nzn_life_drinkers
D:12:     layout_cave_pods, portal_ice_cave_entry_imps, uniq_nessos,
          uniq_jorgrun
D:13:     minmay_swirls_squares, layout_basic, dreamdust_deal_with_the_devil,
          zin_scriptorium, uniq_urug
D:14:     layout_loops_ring, lemuel_crystal_altar, tgw_sif, uniq_lodul
D:15:     grunt_enter_depths_hoard, layout_loops_ring, serial_glass,
          glass_columns_a, glass_columns_b, amcnicky_mini_rare_corridor_liquid,
          minivault_8
Temple:   nicolae_temple_ecumenical_triangle
Lair:1:   layout_roguey, uniq_maggie, uniq_joseph
Lair:2:   layout_misc_corridors, swamp_mist_pool,
          nicolae_spider_entry_orb_guardian, infiniplex_staircase_pool_2,
          serial_bayou_shore_a, grunt_megastairs_2
Lair:3:   layout_roguey
Lair:4:   layout_misc_corridors, serial_bayou_pond_c
Lair:5:   minmay_lair_end_enchanted_forest, layout_gridlike,
          minmay_slime_entry_eyes, gauntlet_entry_generic,
          hangedman_lair_unloving_vines, chequers_serial_rivers_large_a,
          lemuel_fruit_tree, uniq_sonja
Swamp:1:  layout_basic_swamp, hellmonk_ghost_happy_afterlife,
          evilmike_swamp_ruin_house_2
Swamp:2:  layout_falls_marsh, evilmike_swamp_ruin_house_4
Swamp:3:  cheibrodos_swamp_monstrosity, layout_basic_swamp,
          evilmike_swamp_ruin_house_5, swamp_pool_3, uniq_mara, uniq_nikola
Swamp:4:  swamp_alternative, layout_basic_swamp, swamp_pool_5,
          nicolae_swamp_triple_paths, nicolae_swamp_decorative_isthmus,
          infiniplex_staircase_pool
Spider:1: layout_spider_delve, uniq_agnes
Spider:2: nicolae_spider_mines_3, uniq_kirke, uniq_arachne, uniq_donald
Spider:3: layout_spider_delve, nicolae_spider_webbed_stairs, uniq_asterion,
          uniq_roxanne
Spider:4: spider_rune_water, hangedman_spider_tarantella_strand, uniq_louise
Orc:1:    layout_caves, uniq_fannar
Orc:2:    st_orc_congregation, layout_diamond_mine, serial_shops,
          nicolae_shop_waterfront, uniq_josephine
Elf:1:    minmay_elf_arrival_plus, layout_geoelf_diagonals, serial_shops,
          bzr_entry_safe, nicolae_shop_stone, shop, shop_coins,
          minmay_elf_sorcery
Elf:2:    elven_hall_of_blades_hangedman_alternative
          [nicolae_blade_entry_diamond_columns], layout_geoelf_octagon,
          serial_shops, nicolae_shop_tiny_statue_garden,
          nicolae_shop_window_shopping, nicolae_shop_trees, minmay_shop_grove
Elf:3:    elf_hall, layout_loops_cross, basic_altar, uniq_saint_roka
Vaults:1: vaults_dpeg_doors, v_pattern_4, v_misc_4, ontoclasm_vaults_gateway,
          v_rooms_5, v_misc_16, hangedman_vaults_variations,
          vaults_mumra_chevron_long, nicolae_vaults_border_crossing,
          nicolae_vaults_house_3, v_misc_14, v_misc_10, nicolae_vaults_house_2,
          layout_vaults_ring
Vaults:2: nicolae_vaults_puzzle_piece, nicolae_vaults_shipping_containers_5,
          v_alt_pattern_3, v_pattern_5, vaults_dpeg_cross,
          nicolae_vaults_closet_pinwheel_3, hangedman_vaults_hat,
          vaults_dpeg_emergency_exit, nicolae_vaults_what_the_h,
          layout_vaults_omnigrid
Vaults:3: minmay_crypt_entry_simple_sparse, nicolae_vaults_network_quincunx
          [nicolae_vaults_network_quincunx_subvault,
          nicolae_vaults_network_quincunx_subvault,
          nicolae_vaults_network_quincunx_subvault,
          nicolae_vaults_network_quincunx_subvault,
          nicolae_vaults_network_quincunx_subvault], nicolae_vaults_trapezoid_2,
          v_misc_12, hangedman_vaults_stagger, dpeg_vaults_monster_row,
          nicolae_vaults_trapezoid_lopsided_3, layout_vaults_chaotic_city
Vaults:4: gammafunk_ghost_arena, nicolae_vaults_closet_pinwheel_5,
          kennysheep_vaults_gozag_temple, nicolae_vaults_tetromino_T_1,
          v_misc_33, nicolae_vaults_wine_cellar, v_misc_26, grunt_vaults_focal,
          v_misc_2, vaults_standard_mumra_lines,
          nicolae_vaults_little_squares_5, nicolae_vaults_trapezoid_layered,
          vaults_room_pool, layout_vaults_omnicross
Vaults:5: serial_shops
Crypt:1:  layout_regular_city, corner_web_ring, uniq_margery, uniq_zenata
Crypt:2:  layout_basic, grunt_ministairs_3, nrook_guardian_serpent_ordinary
Crypt:3:  church_of_pain_bobbens, layout_chaotic_city,
          nicolae_tomb_entry_rubble_hallway, infiniplex_enter_wizlab_glasses,
          lemuel_mausoleum_altar_yredelemnul
Depths:1: layout_gridlike, enter_ziggurat_b, grunt_mini_vestibule,
          serial_bayou_ford_a, kennysheep_small_spiral,
          nicolae_qazlal_eye_of_the_storm, serial_bayou_shore_b
Depths:2: hangedman_slaughterboxes, pan_entry, hell_entry, uniq_sojobo
Depths:3: minmay_skeleton_keep, layout_cave_pools, fountainhead, pan_entry,
          abyss_entry, hell_entry
Depths:4: grunt_zot_entry_bicorn, layout_gridville,
          nicolae_trove_entry_diagonal, hell_entry, fountainhead, serial_shops,
          shop, nicolae_shop_crystal, nicolae_shop_stone
Zot:1:    hangedman_snap_crack_crunch, layout_cathedral_of_symmetry
Zot:2:    layout_misc_corridors, grunt_megastairs_4
Zot:3:    layout_cathedral_of_symmetry, ebering_ghost_disaster_area
Zot:4:    layout_gridlike, grunt_ministairs_9, not_door_vault_due,
          grunt_megastairs_3
Zot:5:    layout_cathedral_of_symmetry, regret_index_zotdec_stipple_waver,
          drop_trap, grunt_ministairs_12

Skill      XL: |  1  2  3  4  5  6  7  8  9 10 11 12 13 14 15 16 17 18 19 20 21 22 23 24 25 26 27 |
---------------+----------------------------------------------------------------------------------+-----
Spellcasting   | 3 4 5 6 7 8 9 10 11 13 14 15 16 17 18 19 20 25 | 25.0
Conjurations   | 3 4 5 6 7 8 9 10 11 13 14 15 16 17 18 19 20 25 | 25.0
Hexes          | 3 4 5 6 7 8 9 10 11 13 14 15 16 17 18 19 20 25 | 25.0
Summonings     | 3 4 5 6 7 8 9 10 11 13 14 15 16 17 18 19 20 25 | 25.0
Necromancy     | 3 4 5 6 7 8 9 10 11 13 14 15 16 17 18 19 20 25 | 25.0
Translocations | 3 4 5 6 7 8 9 10 11 13 14 15 16 17 18 19 20 25 | 25.0
Transmutations | 3 4 5 6 7 8 9 10 11 13 14 15 16 17 18 19 20 25 | 25.0
Fire Magic     | 3 4 5 6 7 8 9 10 11 13 14 15 16 17 18 19 20 25 | 25.0
Ice Magic      | 3 4 5 6 7 8 9 10 11 13 14 15 16 17 18 19 20 25 | 25.0
Air Magic      | 3 4 5 6 7 8 9 10 11 13 14 15 16 17 18 19 20 25 | 25.0
Earth Magic    | 3 4 5 6 7 8 9 10 11 13 14 15 16 17 18 19 20 25 | 25.0
Poison Magic   | 3 4 5 6 7 8 9 10 11 13 14 15 16 17 18 19 20 25 | 25.0
Ranged Weapons | 1 |  1.0
Fighting       | 2 3 5 8 10 11 13 15 16 17 18 19 20 21 22 23 24 27 | 27.0
Dodging        | 3 5 7 8 9 11 13 14 16 17 18 19 20 21 22 24 25 26 27 | 27.0
Evocations     | 2 0 |  0.0
Armour         | 5 7 0 |  0.0
Long Blades    | 2 |  2.0
Stealth        | 0 |  0.0
Throwing       | 2 10 | 10.0

Action                     |  1- 3 |  4- 6 |  7- 9 | 10-12 | 13-15 | 16-18 | 19-21 | 22-24 | 25-27 || total
---------------------------+-------+-------+-------+-------+-------+-------+-------+-------+-------++-------
  Melee: Trident           |       |       |       |     1 |       |       |       |       |       ||     1
         Long sword        |       |       |       |     3 |     2 |       |       |       |       ||     5
         War axe           |       |       |       |       |     1 |       |       |     1 |     2 ||     4
         Rapier            |       |       |       |       |       |       |       |       |     1 ||     1
  Throw: Dart              |       |       |     1 |     3 |       |       |     1 |       |     1 ||     6
         Boomerang         |       |       |       |     1 |     3 |     2 |       |       |       ||     6
   Cast: Magic Dart        |    63 |    43 |    14 |     1 |       |       |       |       |       ||   121
         Call Imp          |     9 |    20 |    25 |     8 |       |       |       |       |       ||    62
         Blink             |     1 |     1 |       |    12 |     9 |     2 |     4 |       |    22 ||    51
         Shock             |     5 |    28 |    68 |   124 |    42 |   142 |     1 |       |     2 ||   412
         Slow              |       |     6 |     8 |    16 |     6 |     4 |       |       |       ||    40
         Mephitic Cloud    |       |     9 |    24 |    62 |   149 |    38 |     6 |     6 |     5 ||   299
         Stone Arrow       |       |       |    91 |   277 |   517 |   123 |    14 |     5 |    17 ||  1044
         Cause Fear        |       |       |       |     3 |     3 |     9 |       |       |       ||    15
         Lesser Beckoning  |       |       |       |     1 |       |       |       |       |     1 ||     2
         Starburst         |       |       |       |       |    61 |   258 |   151 |   169 |   278 ||   917
         Yara's Violent Un |       |       |       |       |     1 |       |     3 |    17 |    46 ||    67
         Orb of Destructio |       |       |       |       |       |   210 |   304 |   536 |  1131 ||  2181
         Conjure Ball Ligh |       |       |       |       |       |       |     7 |     2 |     4 ||    13
         Monstrous Menager |       |       |       |       |       |       |     4 |     6 |    13 ||    23
         Enfeeble          |       |       |       |       |       |       |       |    50 |   154 ||   204
 Invoke: Draw Out Power    |       |       |       |     1 |     1 |     1 |       |     4 |     1 ||     8
         Sacrifice Artific |       |       |       |     1 |       |       |       |       |       ||     1
         Sacrifice an Eye  |       |       |       |     1 |       |       |       |       |       ||     1
         Apocalypse        |       |       |       |     2 |     8 |    11 |     3 |     6 |     9 ||    39
         Sacrifice Health  |       |       |       |     1 |       |       |       |       |       ||     1
         Sacrifice Stealth |       |       |       |       |     1 |       |       |       |       ||     1
         Sacrifice Durabil |       |       |       |       |     1 |       |       |       |       ||     1
         Power Leap        |       |       |       |       |       |     2 |     1 |       |     3 ||     6
  Evoke: Wand              |       |       |       |     3 |       |       |       |       |       ||     3
    Use: Scroll            |     3 |     4 |     4 |     4 |    12 |    16 |     7 |     6 |    16 ||    72
         Potion            |       |     1 |     1 |     1 |     4 |    12 |     8 |     3 |    17 ||    47
 Armour: Robe              |     1 |    11 |     1 |       |       |    21 |       |       |       ||    34
         Steam dragon scal |       |       |     4 |    35 |    22 |       |       |       |       ||    61
         Leather armour    |       |       |       |     6 |    31 |    57 |       |       |       ||    94
         Troll leather arm |       |       |       |       |       |       |    54 |    79 |   157 ||   290
  Dodge: Dodged            |     7 |     7 |    11 |    67 |   102 |   121 |    62 |   168 |   466 ||  1011
         Repelled          |       |       |       |       |       |     8 |       |       |       ||     8

Table legend: (Time is in decaauts)
 A = Elapsed time spent in this place.
 B = Non-inter-level travel time spent in this place.
 C = Inter-level travel time spent in this place.
 D = Time resting spent in this place.
 E = Time spent auto-exploring this place.
 F = Levels seen in this place.
 G = Mean time per level.
                   A        B        C        D        E       F      G
               +--------+--------+--------+--------+--------+-----+--------+
         Total |  90491 |  80628 |   9863 |  25335 |   5421 |  55 | 1645.3 |
       Dungeon |  25708 |  21488 |   4220 |   7515 |   1420 |  15 | 1713.9 |
        Temple |     15 |     15 |      0 |      0 |      0 |   1 |   15.0 |
          Lair |   9140 |   8038 |   1102 |   3413 |    236 |   5 | 1828.0 |
         Swamp |   7822 |   7616 |    206 |   4448 |    538 |   4 | 1955.5 |
   Spider Nest |   6001 |   5820 |    181 |   2396 |    278 |   4 | 1500.2 |
  Orcish Mines |   4654 |   3738 |    916 |   1828 |    127 |   2 | 2327.0 |
   Elven Halls |   4290 |   3639 |    651 |    446 |    531 |   3 | 1430.0 |
        Vaults |   9956 |   8978 |    978 |   1331 |    721 |   5 | 1991.2 |
         Crypt |   4245 |   3995 |    250 |    599 |    754 |   3 | 1415.0 |
        Depths |   7172 |   6186 |    986 |    911 |    390 |   4 | 1793.0 |
           Zot |   8287 |   7915 |    372 |    891 |    412 |   5 | 1657.4 |
        Bazaar |    170 |    170 |      0 |      0 |      0 |   1 |  170.0 |
      Ice Cave |   2079 |   2079 |      0 |   1324 |      0 |   1 | 2079.0 |
        Wizlab |    379 |    379 |      0 |     24 |     14 |   1 |  379.0 |
      Gauntlet |    565 |    565 |      0 |    207 |      0 |   1 |  565.0 |
               +--------+--------+--------+--------+--------+-----+--------+

Top non-repeatable levels by time:
   Orc:2: 3764 daAuts
    D:13: 2858 daAuts
Depths:2: 2733 daAuts
   Zot:5: 2729 daAuts
 Swamp:2: 2708 daAuts
    D:11: 2511 daAuts
  Lair:2: 2444 daAuts
  Lair:5: 2330 daAuts
 Swamp:4: 2329 daAuts
Vaults:3: 2263 daAuts
Spider:1: 2112 daAuts
Vaults:4: 2104 daAuts
   IceCv: 2079 daAuts
 Crypt:3: 2078 daAuts
     D:4: 2063 daAuts
